Map: Romanticide LE

Players

souL - Winner!

  • Race: Terran Terran

Gerald

  • Race: Protoss Protoss

Event: DreamHack SC2 Masters 2021 Fall

VOD

Have the link to the VOD?

Description

Time

  • Played on: Aug. 11, 2021, 1:21 p.m.
  • Length: 8:40

All games in this series

Show
View Real Time Build Order
Export as new Build Order

souL Terran - Winner!

Build Orders: 1/1/1, Widow Mine Drop 

Get SALT Encoding   

  12  0:00  SCV  
  13  0:12  SCV  
  14  0:17  Supply Depot  
  14  0:25  SCV  
  15  0:38  SCV  
  15  0:39  Barracks  
  16  0:45  Refinery  
  16  0:50  SCV  
  16  0:55  Refinery  
  17  1:02  SCV  
  18  1:14  SCV  
  19  1:26  Marine  
  19  1:27  Orbital Command  
  20  1:34  Factory  
  20  1:44  Supply Depot  
  20  1:46  Barracks Reactor  
  20  1:53  SCV  
  21  2:05  SCV  
  21  2:17  SCV  
  21  2:18  Starport  
  22  2:28  Hellion x2  
  26  2:31  Supply Depot  
  26  2:36  Bunker  
  26  2:39  SCV  
  27  2:50  Widow Mine x2  
  31  2:53  SCV  
  31  2:57  Medivac  
  32  3:14  Widow Mine x2  
  32  3:16  Armory  
  34  3:24  Supply Depot  
  34  3:40  Widow Mine  
  34  3:41  Widow Mine  
  38  3:45  Medivac  
  38  3:48  SCV  
  41  3:51  Supply Depot  
  41  4:02  Widow Mine  
  43  4:21  Widow Mine  
  43  4:22  Medivac  
  47  4:25  Barracks Reactor  
  47  4:27  SCV, Command Center  
  47  4:30  Widow Mine  
  48  4:39  SCV  
  48  4:43  Widow Mine  
  51  4:51  SCV, Widow Mine  
  52  5:00  Barracks  
  52  5:03  SCV  
  52  5:04  Marine  
  48  5:07  Barracks  
  48  5:15  SCV  
  48  5:18  Marine  
  48  5:19  Engineering Bay  
  50  5:27  SCV  
  51  5:39  SCV  
  46  5:44  Orbital Command  
  46  5:48  Marine, Barracks Tech Lab  
  46  5:49  Marine  
  46  5:51  SCV  
  46  5:56  Barracks Tech Lab  
  43  6:03  SCV  
  44  6:06  Marine x2, Bunker, Orbital Command  
  44  6:09  Stimpack, Marauder  
  48  6:15  SCV, Combat Shield, Marauder  
  51  6:18  Terran Infantry Weapons Level 1  
  51  6:28  SCV  
  51  6:29  Marine x2  
  51  6:30  Marauder  
  51  6:31  SCV  
  57  6:40  Refinery, SCV, Factory Reactor  
  57  6:42  Refinery, Starport Reactor, Missile Turret  
  57  6:44  SCV  
  57  6:46  Marauder  
  61  6:48  Marine  
  61  6:50  Marine  
  61  6:52  SCV  
  64  6:56  SCV  
  63  7:03  Marauder  
  63  7:04  SCV  
  63  7:06  Marine  
  63  7:08  SCV  
  66  7:12  Marine  
  66  7:13  Marauder  
  69  7:16  SCV  
  69  7:19  Medivac  
  70  7:24  Widow Mine x2, Supply Depot, Medivac, SCV  
  70  7:25  Supply Depot  
  70  7:28  SCV  
  78  7:34  Concussive Shells  
  78  7:45  Marine x2, SCV, Marauder  
  78  7:47  Supply Depot  
  78  7:49  Widow Mine x2  
  78  7:50  Medivac  
  91  8:03  Command Center  
  91  8:05  Medivac  
  91  8:08  Marauder  
  91  8:09  Marine  
  94  8:15  Marine  
  94  8:19  Marine  
Show
View Real Time Build Order
Export as new Build Order

Gerald Protoss 

Build Orders:  

Get SALT Encoding   

  12  0:00  Probe  
  13  0:12  Probe  
  14  0:17  Pylon  
  14  0:24  Probe (Chrono Boost)  
  15  0:37  Probe (Chrono Boost)  
  15  0:38  Gateway  
  16  0:42  Probe (Chrono Boost)  
  16  0:45  Assimilator  
  17  0:52  Probe  
  18  1:04  Probe  
  19  1:16  Probe  
  20  1:25  Cybernetics Core, Zealot  
  20  1:31  Pylon  
  22  1:33  Probe  
  23  1:49  Nexus  
  23  2:01  Stalker  
  23  2:06  Warp Gate (Chrono Boost)  
  25  2:11  Probe  
  25  2:14  Gateway  
  26  2:19  Pylon  
  26  2:29  Probe  
  27  2:31  Stalker  
  27  2:34  Assimilator  
  28  2:45  Probe  
  29  2:58  Probe  
  29  3:04  Gateway  
  30  3:11  Probe  
  30  3:18  Robotics Facility  
  30  3:23  Probe  
  30  3:25  Probe  
  32  3:28  Shield Battery  
  32  3:33  Pylon  
  32  3:35  Probe  
  32  3:37  Probe  
  34  3:47  Probe  
  35  3:49  Pylon  
  35  3:51  Stalker  
  35  3:55  Stalker  
  39  3:59  Probe  
  40  4:03  Probe  
  40  4:05  Observer (Chrono Boost)  
  39  4:17  Probe  
  39  4:20  Stalker  
  39  4:21  Observer  
  43  4:29  Probe  
  44  4:37  Probe  
  42  4:40  Stalker  
  39  4:52  Stalker x2  
  42  5:01  Probe (Chrono Boost)  
  42  5:05  Probe (Chrono Boost)  
  44  5:14  Probe (Chrono Boost)  
  45  5:15  Stalker  
  45  5:17  Probe (Chrono Boost)  
  49  5:21  Probe (Chrono Boost)  
  49  5:22  Probe (Chrono Boost)  
  49  5:27  Probe  
  47  5:36  Probe  
  47  5:39  Probe  
  48  5:49  Probe  
  49  5:52  Probe (Chrono Boost)  
  50  5:58  Pylon  
  50  6:01  Probe (Chrono Boost)  
  52  6:05  Twilight Council, Probe (Chrono Boost)  
  52  6:07  Observer (Chrono Boost)  
  53  6:11  Probe (Chrono Boost)  
  53  6:14  Probe (Chrono Boost)  
  55  6:21  Probe (Chrono Boost)  
  53  6:27  Probe (Chrono Boost)  
  51  6:37  Nexus, Probe (Chrono Boost)  
  51  6:38  Probe (Chrono Boost)  
  52  6:44  Blink (Chrono Boost)  
  52  6:45  Probe (Chrono Boost)  
  54  6:49  Probe (Chrono Boost)  
  54  6:50  Probe (Chrono Boost)  
  55  6:55  Probe  
  55  7:05  Probe  
  56  7:09  Probe  
  57  7:17  Probe  
  57  7:19  Assimilator  
  57  7:21  Assimilator, Probe, Robotics Bay  
  58  7:29  Probe  
  59  7:31  Observer  
  59  7:32  Forge  
  59  7:33  Probe  
  59  7:35  Pylon  
  60  7:41  Probe  
  61  7:46  Probe  
  61  7:48  Pylon  
  62  7:54  Stalker x3, Probe  
  62  7:56  Probe  
  62  7:57  Shield Battery  
  62  7:58  Probe  
  70  8:06  Probe  
  70  8:09  Probe  
  70  8:10  Probe  
  79  8:17  Stalker  
  79  8:18  Probe  
  77  8:21  Stalker x2, Probe  
  77  8:24  Probe  

Tags
 
Add a new tag
Caveats
  • Supply blocks, unpowered buildings, or Contaminate may cause inaccurate times.
  • Supply counts are checked every 10 seconds.